 Dungeon Crawl Stone Soup version 0.28-a0-1415-g7c84da036a (webtiles) character file.

Game seed: 11294776685475168497

94 croobank the Sneak (level 4, -3/38 HPs)
             Began as a Demigod Delver on Jan 7, 2022.
             Slain by an orc priest (6 damage)
             ... on level 3 of the Dungeon.
             The game lasted 00:15:49 (4183 turns).

croobank the Sneak (Demigod Delver)                 Turns: 4183, Time: 00:15:50

Health: -3/38      AC:  7    Str: 14 (17) XL:     4   Next: 16%
Magic:  6/6        EV:  9    Int:  9 (12) God:
Gold:   91         SH:  0    Dex: 13 (15) Spells: 3/3 levels left

rFire   + . .      SeeInvis .   a - +0 hand axe
rCold   . . .      Faith    .   (no shield)
rNeg    . . .      Spirit   .   j - +0 scale mail
rPois   .          Reflect  .   k - +0 helmet
rElec   .          Harm     .   (no cloak)
rCorr   .          Rampage  .   (no gloves)
Will    .....                   (no boots)
Stlth   +.........              h - amulet of magic regeneration
HPRegen 0.12/turn               l - ring of protection from fire
MPRegen 0.50/turn               (no ring)

@: no status effects
A: high mp 1, forlorn, divine attributes
a: no special abilities


You were on level 3 of the Dungeon.
You visited 1 branch of the dungeon, and saw 5 of its levels.

You collected 121 gold pieces.
You spent 30 gold pieces at shops.

Inventory:

Hand Weapons
 a - a +0 hand axe (weapon)
 i - a +0 dire flail
 w - a +0 flail of protection
 x - a +0 war axe
Missiles
 m - 28 bolts
 n - 3 poisoned darts (quivered)
 p - 21 sling bullets
 q - 125 stones
 v - 3 javelins
Armour
 b - a +0 leather armour
 j - a +0 scale mail (worn)
 k - a +0 helmet (worn)
 o - a +0 ring mail
Jewellery
 h - an amulet of magic regeneration (around neck)
 l - a ring of protection from fire (left hand)
Wands
 g - a wand of digging (3)
Scrolls
 r - a scroll of immolation
 s - a scroll of noise


   Skills:
 + Level 3.3 Fighting
 + Level 2.6 Axes
 + Level 2.5 Dodging
 + Level 5.0 Stealth


You had 3 spell levels left.
You didn't know any spells.
Your spell library was empty.

Dungeon Overview and Level Annotations

Branches:
Dungeon (5/15)
 Temple: D:4-7

Shops:
D:2 *   D:4 [

Annotations:
D:2 1 runed translucent door, Crazy Yiuf


Innate Abilities, Weirdness & Mutations

You have an increased reservoir of magic. (+10% MP)
You shall have no god before yourself.
Your divine heritage dramatically boosts your attributes as you level up.


Message History

You closely miss the goblin.
The goblin is severely wounded.
The orc priest hits you from afar with a +0 trident.
* * * LOW HITPOINT WARNING * * *
The goblin barely misses you. The goblin hits you but does no damage.
It was a potion of magic.
Magic courses through your body. The goblin hits you but does no damage.
Okay, then.
As you read the scroll of immolation, it crumbles to dust.
The creatures around you are filled with an inner flame!
The goblin hits you but does no damage.
The orc priest hits you but does no damage.
You are confused.
You feel invigorated. The goblin hits you with a +0 club.
* * * LOW HITPOINT WARNING * * *
The orc priest hits you but does no damage.
You bump into the rock wall.
The goblin barely misses you.
The orc priest hits you from afar with a +0 trident.
* * * LOW HITPOINT WARNING * * *
You're too confused to move!
The goblin hits you but does no damage.
The orc priest looks braver for a moment.
The orc closely misses you.
You bump into the rock wall.
The orc hits you with a +0 whip.
The orc priest hits you from afar with a +0 trident!
The goblin hits you but does no damage.
You bump into the rock wall.
You feel less invigorated.
You feel less confused. The orc barely misses you.
The orc priest hits you but does no damage.
The goblin closely misses you.
You hit the orc.
Flame seeps out of the orc.
The orc is moderately wounded.
You closely miss the goblin.
The orc is engulfed in blazing flames.
The orc explodes!
The fiery explosion engulfs you! You resist.
* * * LOW HITPOINT WARNING * * *
The goblin hits you but does no damage.
The orc priest hits you from afar with a +0 trident.
You die...

#........o #..#.#...#.#.#
#..........####..#.#.#.#.#.#
#.........o.S....#.#.#.#.#.#
#§§§§§.....##...##.#.#.#.#§#
#§§§§..... #)####.#.#<#.#.#
#§§§§....# #.# #.#.###.#.#
#.#§§..... #.# #.#.# #.#.#
#.######## #○# #.#.###.#.###
#o# #@# #............ #.#
#g# ##......#.###
#.###########o# ########.#
#.........o...# #.....#
############### #.#######
#.##..... #....#### ######


You could see an orc priest (inner flame), an adder (wandering, inner flame) and
a goblin (inner flame).

Vanquished Creatures
  An adder (D:2)
  An ufetubus (D:4)
  2 dart slugs (D:1)
  9 orcs (D:3)
  4 ball pythons
  5 endoplasms
  2 giant cockroaches
  6 goblins
  6 hobgoblins
  4 jackals (D:2)
  3 quokkas
  7 bats
  5 frilled lizards
  5 kobolds
  4 rats
64 creatures vanquished.

Notes
Turn   | Place    | Note
-------+----------+-------------------------------------------
     0 | D:5      | croobank the Demigod Delver began the quest for the Orb.
     0 | D:5      | Reached XP level 1. HP: 18/18 MP: 3/3
     1 | D:5      | Noticed an ice beast
   257 | D:4      | Found Rusecab's Armour Shop.
   527 | D:3      | Reached XP level 2. HP: 25/25 MP: 4/4
  1279 | D:1      | Reached XP level 3. HP: 30/31 MP: 5/5
  2160 | D:2      | Found Ziazxoup's Assorted Antiques.
  2169 | D:2      | Bought a scroll labelled TIETUF HEOHO for 30 gold pieces
  2313 | D:2      | Found a runed translucent door.
  2314 | D:2      | Noticed Crazy Yiuf
  3408 | D:3      | Reached skill level 5 in Stealth
  3416 | D:3      | Reached XP level 4. HP: 12/38 MP: 6/6
  4183 | D:3      | Slain by an orc priest

Illustrated notes

Levels and vault maps discovered:
D:1:      eino_arrival_cavern_a, layout_loops_cross
D:2:      layout_basic, serial_shops, shop_statue,
          hellmonk_ecumenical_altar_the_god_not_taken, uniq_crazy_yiuf_cottage
D:3:      layout_basic
D:4:      minmay_general_purpose_star, layout_rooms,
          minmay_temple_entry_enclosed_plants, serial_shops, shop
D:5:      layout_basic, solitary_fountain, uniq_duvessa, uniq_pikel,
          uniq_sigmund, uniq_menkaure

Skill      XL: |  1  2  3 |
---------------+----------+-----
Axes           | 2 |  2.6
Dodging        | 2 |  2.5
Fighting       | 3 |  3.3
Stealth        | 5 |  5.0

Action                   |  1- 3 |  4- 6 || total
-------------------------+-------+-------++-------
Melee: Hand axe          |   174 |    40 ||   214
       Dire flail        |     9 |       ||     9
       Punch             |     3 |       ||     3
  Use: Potion            |     2 |     4 ||     6
       Scroll            |     7 |     4 ||    11
 Stab: Sleeping          |     8 |       ||     8
Armor: Scale mail        |    88 |    24 ||   112
Dodge: Dodged            |   111 |    23 ||   134

Table legend: (Time is in decaauts)
 A = Elapsed time spent in this place.
 B = Non-inter-level travel time spent in this place.
 C = Inter-level travel time spent in this place.
 D = Time resting spent in this place.
 E = Time spent auto-exploring this place.
 F = Levels seen in this place.
 G = Mean time per level.
                   A        B        C        D        E       F      G
               +--------+--------+--------+--------+--------+-----+--------+
         Total |   4202 |   4152 |     50 |   1354 |   1785 |   5 |  840.4 |
       Dungeon |   4202 |   4152 |     50 |   1354 |   1785 |   5 |  840.4 |
               +--------+--------+--------+--------+--------+-----+--------+

Top non-repeatable levels by time:
     D:2: 1379 daAuts
     D:3: 1337 daAuts
     D:1: 1217 daAuts
     D:4: 192 daAuts
     D:5: 74 daAuts
